cohdb
Replays
Latest Replays
All Replays
Popular Replays
Top Player Replays
Match Explorer
How It Works
Community
CoH3 Stats
Reddit
Sign in to upload your games and track your stats! →
Sign in with Steam
Match 42108701
Unlisted
Match 42108701
Overview
Messages
Build Orders
End
Kettenkrad Recon Vehicle
Construct Infanterie Kompanie
Grenadier Squad
MG 42 Machine Gun Team
Grenadier Squad
Construct Panzergrenadier Kompanie
251 Medium Carrier
Construct Panzer Kompanie
Stoßtruppen Squad
Panzer IV Medium Tank
Support Elements
Pak 40 Anti-tank Gun Team
Stoßtruppen Squad
Nebelwerfer 42 Rocket Launcher Team
民豪
[HAN]Diederick Kastner
Dylan Il Bellissimo Arrogante
SpaceGoon
Freelancer
Captain Slackbladder
Квадрат-Двери
WarLion
0
0
Comments
sign in to comment!
No comments posted yet!